 Dungeon Crawl Stone Soup version 0.17-a0-2111-ge77a051 (webtiles) character file.

16558 Geeful the Grappler (level 12, -3/122 (123) HPs)
             Began as a Troll Monk on Oct 19, 2015.
             Slain by a wolf spider (20 damage)
             ... on level 11 of the Dungeon.
             The game lasted 00:53:47 (10740 turns).

Geeful the Grappler (Troll Monk)                   Turns: 10740, Time: 00:53:47

HP:   -3/122 (123)  AC:  8    Str: 22 (23) XL:     12   Next: 11%
MP:   11/11         EV: 17    Int:  6      God:
Gold: 693           SH:  0    Dex: 14 (15) Spells: 0 memorised, 11 levels left

rFire  + + .     SeeInvis .       - Unarmed
rCold  + . .     Clarity  .     O - +2 robe {rC+ rF+}
rNeg   . . .     SustAt   .     (no shield)
rPois  +         Gourm    +     (helmet restricted)
rElec  .         Spirit   .     F - +0 cloak
rCorr  +         Warding  .     (gloves unavailable)
rMut   .         Stasis   .     (boots unavailable)
MR     .....                    g - amulet of resist corrosion
Stlth  ++........               w - ring of poison resistance
                                B - +3 ring of evasion

@: lethally poisoned (-3 -> -6), not resistant to hostile enchantments,
unstealthy
A: unfitting armour, claws 3, deterioration 1, fire resistance 1, fast
metabolism 3, gourmand, sense surroundings 1, regeneration 2, shaggy fur 1,
tough skin 2
a: no special abilities


You were on level 11 of the Dungeon.
You were very full.

You visited 2 branches of the dungeon, and saw 12 of its levels.
You also visited: Ossuary.

You collected 693 gold pieces.

Inventory:

Hand Weapons
 b - a +4 blowgun of evasion
 e - a +4 scimitar of flaming
Missiles
 l - 4 curare-tipped needles
 t - 10 tomahawks (quivered)
 y - 10 poisoned needles
 N - 7 large rocks
Armour
 F - a +0 cloak (worn)
 O - a +2 robe of resistance (worn)
Jewellery
 a - an uncursed ring of positive energy
 g - an amulet of resist corrosion (around neck)
 m - an uncursed ring of flight
 w - a ring of poison resistance (right claw)
 A - an uncursed amulet of guardian spirit
 B - a +3 ring of evasion (left claw)
 D - an uncursed ring of stealth
Wands
 q - a wand of teleportation (3)
 C - a wand of paralysis (14)
 E - a wand of confusion (14)
Scrolls
 d - a scroll of identify
 f - 2 scrolls of blinking
 o - 2 scrolls of enchant armour
 r - 2 scrolls of fear
 s - 4 scrolls of teleportation
 G - a scroll of enchant weapon
 H - a scroll of amnesia
 I - a scroll of recharging
 M - 4 scrolls of remove curse
Potions
 c - 7 potions of curing
 i - a potion of resistance
 k - a potion of agility
 p - 2 potions of magic
 u - a potion of flight
 x - 3 potions of heal wounds
 z - 3 potions of brilliance
 L - 2 potions of cancellation
Miscellaneous
 n - a plain deck of summoning {drawn: 4}
Comestibles
 h - 4 slices of pizza
 j - 3 beef jerkies
 v - 6 meat rations
 J - 7 fruits
 K - 13 bread rations
 R - 7 chunks of flesh


   Skills:
 + Level 9.0 Fighting
 + Level 9.2 Throwing
 + Level 8.8 Dodging
 - Level 1.1 Stealth
 + Level 10.6 Unarmed Combat


You had 11 spell levels left.
You didn't know any spells.

Dungeon Overview and Level Annotations

Branches:
Dungeon (11/15)            Temple (1/1) D:7             Orc (0/4) D:10
   Lair: D:8-11

Altars:
Ashenzari
Cheibriados
Dithmenos
Elyvilon
Fedhas
Gozag
Kikubaaqudgha
Makhleb
Nemelex Xobeh
Okawaru
Qazlal
Ru
Sif Muna
Trog
Vehumet
Xom
Yredelemnul
Zin
The Shining One

Shops:
D:5 (

Annotations:
D:11 yottam's ghost, journeyman HuWn


Innate Abilities, Weirdness & Mutations

You are too large for most types of armour.
You have claws for hands.
Your metabolism is lightning-fast.
You like to eat raw meat.
You heal very quickly.
You are covered in fur (AC +1).
You have very tough skin (AC +2).
Your body sometimes deteriorates upon taking damage.
Your flesh is heat resistant.
You passively map a small area around you.


Message History

The wolf spider hits you. The wolf spider barely misses you.
The wolf spider barely misses you. The wolf spider misses you.
Things that are here:
19 arrows; a shortbow The wolf spider hits you!!
The wolf spider bites you but does no damage.
The wolf spider barely misses you. The wolf spider misses you.
The wolf spider hits you! The wolf spider completely misses you.
The wolf spider hits you!!
* * * LOW HITPOINT WARNING * * *
The wolf spider bites you but does no damage.
The wolf spider hits you.
* * * LOW HITPOINT WARNING * * *
The wolf spider bites you.
* * * LOW HITPOINT WARNING * * *
You are poisoned.
The wolf spider poisons you!
You feel sick.
You feel sick. The wolf spider hits you!!
You die...

#.............# #...#
#....... #.............#
#...# #.......
#(............# #...#
#.....>. #......§(.....#
#...# #...(...
#.....§§......# #W..#
#....... ##...≈§≈≈≈...##
#...# #.......
#...÷.≈.....# #...#
#.......
##....≈....#####...#
#.(.....
###.....###.@sD...#
#...÷>.. ###)###.<.......#
#....... #...###.........#
#....... #...[.[.........#
#.......
######################.#...
* .............#... ,
,..###....#.#.#... * ,
*#....###.#.#### , ,,
#....## ,....# #


You could see an eight-headed hydra and a wolf spider.

Vanquished Creatures
  Josephine (D:10)
  Erolcha (D:10)
  A hydra (D:11)
  Sonja (D:11)
  An ice statue (D:7)
  5 hill giants
  2 ugly things
  A manticore (D:11)
  A cyclops (D:10)
  Joseph (D:7)
  Psyche (D:10)
  3 centaur skeletons
  A troll (D:9)
  2 wyverns
  A trapdoor spider (D:11)
  A spriggan (D:11)
  A shadow (D:11)
  A deep elf fighter (D:7)
  3 wraiths
  3 hippogriffs
  A vampire mosquito (D:11)
  Edmund (D:4)
  A water moccasin (D:6)
  Duvessa (D:7)
  A black bear (D:9)
  6 necrophages
  3 phantoms
  3 ice beasts
  4 orc warriors
  An eye of draining (D:9)
  5 ogres
  A crocodile (D:9)
  10 centaurs
  2 giant frogs
  A gnoll sergeant (D:7)
  Dowan (D:7)
  2 wyvern zombies
  4 scorpions
  A water moccasin skeleton (D:11)
  8 wights
  3 killer bees (D:8)
  A troll skeleton (D:7)
  5 jellies
  6 crimson imps
  3 human zombies (D:7)
  A quasit (D:8)
  2 iguanas
  4 worker ants
  8 hounds
  A human skeleton (D:7)
  3 orc priests
  4 orc wizards
  A killer bee zombie (D:10)
  7 big kobold zombies (Ossuary)
  2 hound skeletons
  3 mummies
  3 gnolls (D:2)
  A worker ant zombie (D:10)
  11 adders
  3 shadow imps
  An ooze (D:2)
  An adder skeleton (D:9)
  4 worms
  5 giant geckos
  22 orcs
  A spectral bat (Ossuary)
  3 bat simulacra (Ossuary)
  7 giant cockroaches
  5 gnoll zombies (Ossuary)
  7 goblins
  10 hobgoblins
  7 jackals
  5 quokkas
  2 ball pythons
  5 bats
  11 giant newts
  4 goblin simulacra (Ossuary)
  4 goblin zombies (Ossuary)
  7 hobgoblin zombies (Ossuary)
  2 kobolds
  A kobold zombie (Ossuary)
  5 orc zombies (Ossuary)
  9 rats
  2 spectral goblins (Ossuary)
  5 spectral kobolds (Ossuary)
  3 spectral rats (Ossuary)
299 creatures vanquished.

Vanquished Creatures (collateral kills)
  Erica (D:10)
  A hill giant (D:9)
  A wraith (D:10)
  A giant frog zombie (D:10)
  A giant frog skeleton (D:10)
5 creatures vanquished.

Vanquished Creatures (others)
  A hound skeleton (D:10)
  A bat simulacrum (Ossuary)
  A goblin zombie (Ossuary)
3 creatures vanquished.

Grand Total: 307 creatures vanquished

Notes
Turn   | Place    | Note
--------------------------------------------------------------
     0 | D:1      | Geeful the Troll Monk began the quest for the Orb.
     0 | D:1      | Reached XP level 1. HP: 22/22 MP: 0/0
   142 | D:1      | Reached XP level 2. HP: 26/29 MP: 1/1
   186 | D:1      | Reached skill level 1 in Throwing
   363 | D:1      | Reached XP level 3. HP: 33/36 MP: 2/2
   735 | D:2      | Found a basalt altar of Yredelemnul.
   816 | D:2      | Reached XP level 4. HP: 30/44 MP: 3/3
  1409 | D:3      | Found a snail-covered altar of Cheibriados.
  1415 | D:3      | Found a stormy altar of Qazlal.
  1418 | D:3      | Found a sacrificial altar of Ru.
  1500 | D:3      | Reached XP level 5. HP: 34/53 MP: 4/4
  1597 | D:3      | Reached skill level 5 in Unarmed Combat
  1597 | D:3      | Reached XP level 6. HP: 50/61 MP: 5/5
  2040 | D:4      | Reached XP level 7. HP: 53/70 MP: 6/6
  2085 | D:4      | Noticed Edmund
  2114 | D:4      | Killed Edmund
  2198 | D:4      | Found a burning altar of Makhleb.
  2198 | D:4      | Noticed an Executioner
  2203 | D:4      | Noticed a smoke demon
  2203 | D:4      | Noticed a ynoxinul
  2604 | D:5      | Entered Level 5 of the Dungeon
  2642 | D:5      | Found a sand-covered staircase.
  2647 | Ossuary  | Entered an ossuary
  3482 | D:5      | Found Xawaa's Weapon Emporium.
  3504 | D:5      | Reached skill level 6 in Unarmed Combat
  3504 | D:5      | Reached XP level 8. HP: 57/79 MP: 7/7
  3541 | D:5      | Found a glowing silver altar of Zin.
  3542 | D:5      | Found a blossoming altar of Fedhas.
  3895 | D:6      | Got a clouded bone ring
  3911 | D:6      | Identified the cursed ring "Zung" {rC+ Int-4} (You found it on level 6 of the Dungeon)
  3927 | D:6      | Reached skill level 5 in Fighting
  4032 | D:6      | Reached skill level 5 in Dodging
  4393 | D:7      | Found a staircase to the Ecumenical Temple.
  4404 | D:7      | Noticed a centaur skeleton
  4408 | Temple   | Entered the Ecumenical Temple
  4463 | D:7      | Killed a centaur skeleton
  4463 | D:7      | Reached skill level 5 in Throwing
  4498 | D:7      | Reached skill level 7 in Unarmed Combat
  4498 | D:7      | Reached XP level 9. HP: 52/88 MP: 8/8
  4793 | D:7      | Noticed Joseph
  4890 | D:7      | Noticed Dowan
  4898 | D:7      | Noticed Duvessa
  4908 | D:7      | Killed Duvessa
  4917 | D:7      | Killed Dowan
  5236 | D:7      | Killed Joseph
  5701 | D:7      | Noticed an ice statue
  5719 | D:7      | Killed an ice statue
  5719 | D:7      | Reached skill level 8 in Unarmed Combat
  5875 | D:7      | Reached XP level 10. HP: 98/100 MP: 9/9
  5985 | D:7      | Found an ancient bone altar of Kikubaaqudgha.
  6663 | D:8      | Found a white marble altar of Elyvilon.
  6836 | D:8      | Noticed a hill giant
  6854 | D:8      | Killed a hill giant
  7555 | D:9      | Reached skill level 9 in Unarmed Combat
  7878 | D:9      | Found a bloodstained altar of Trog.
  7973 | D:10     | Entered Level 10 of the Dungeon
  7973 | D:10     | Noticed Erica
  7986 | D:10     | Killed Erica
  7996 | D:10     | Noticed Josephine
  8001 | D:10     | Killed Josephine
  8001 | D:10     | Reached XP level 11. HP: 73/110 MP: 10/10
  8010 | D:10     | Noticed Psyche
  8140 | D:10     | Noticed a hill giant
  8376 | D:10     | Noticed a hill giant
  8396 | D:9      | HP: 3/110 [hill giant/giant spiked club (43)]
  8399 | D:9      | Killed a hill giant
  8647 | D:10     | Killed Psyche
  8796 | D:10     | Noticed a hill giant
  8809 | D:10     | Killed a hill giant
  8886 | D:10     | Noticed a hill giant
  8903 | D:10     | Killed a hill giant
  8975 | D:10     | Found a staircase to the Orcish Mines.
  9113 | D:10     | Noticed Erolcha
  9133 | D:10     | Killed Erolcha
  9281 | D:11     | Noticed a hill giant
  9299 | D:11     | Killed a hill giant
  9299 | D:11     | Reached skill level 10 in Unarmed Combat
  9311 | D:11     | Noticed an eight-headed hydra
  9433 | D:11     | Noticed Sonja
  9468 | D:11     | Killed Sonja
  9790 | D:11     | Noticed yottam's ghost (journeyman HuWn)
 10038 | D:11     | Killed a two-headed hydra
 10096 | D:11     | Reached XP level 12. HP: 99/121 MP: 11/11
 10506 | D:10     | Gained mutation: You are clumsy. (Dex -2) [potion of mutation]
 10506 | D:10     | Gained mutation: Your flesh is heat resistant. [potion of mutation]
 10506 | D:10     | Gained mutation: Your body sometimes deteriorates upon taking damage. [potion of mutation]
 10507 | D:10     | Gained mutation: You can spit weak poison. [potion of mutation]
 10507 | D:10     | Gained mutation: Your body often deteriorates upon taking damage. [potion of mutation]
 10507 | D:10     | Gained mutation: You passively map a small area around you. [potion of mutation]
 10508 | D:10     | Lost mutation: Your body often deteriorates upon taking damage. [potion of cure mutation]
 10508 | D:10     | Lost mutation: You can spit weak poison. [potion of cure mutation]
 10508 | D:10     | Lost mutation: You are clumsy. (Dex -2) [potion of cure mutation]
 10561 | D:10     | Killed a hill giant
 10691 | D:11     | Noticed an eight-headed hydra
 10740 | D:11     | Slain by a wolf spider

Vault maps used:
D:1:      onia_arrival_larder, hangedman_feature_mirror, glass_columns_a,
          minmay_misc_feat_columns
D:2:      yredelemnul_altar_generic
D:3:      grunt_temple_overflow_diamond
D:4:      makhleb_altar_promises_db, uniq_edmund
D:5:      nicolae_overflow_hidden_temple, enter_ossuary_5, first_bread,
          serial_shops, shop
D:7:      lemuel_ice_statue, lemuel_mausoleum_altar_kikubaaqudgha,
          minmay_temple_entry_purple_smoke, sword_in_stone, uniq_joseph,
          uniq_duvessa
D:8:      basic_altar
D:9:      kennysheep_mini
D:10:     david_orc_2, uniq_josephine, uniq_erica, uniq_psyche, uniq_erolcha
D:11:     minmay_tri_box, lair_0_dummy, the_bakery, grunt_potential, uniq_sonja
Temple:   triangle_lava_temple_11
Ossuary:  ossuary_zaba_two_paths

Action                   |  1- 3 |  4- 6 |  7- 9 | 10-12 || total
-------------------------+-------+-------+-------+-------++-------
Melee: Unarmed           |    89 |   107 |   393 |   458 ||  1047
       Scimitar          |       |       |       |     6 ||     6
 Fire: Blowgun           |       |       |       |     2 ||     2
Throw: Tomahawk          |       |       |     1 |    38 ||    39
       Throwing net      |       |       |       |     6 ||     6
 Abil: Evoke Flight      |       |       |     2 |       ||     2
Evoke: Wand              |       |       |    22 |     5 ||    27
       Deck              |       |       |       |     4 ||     4
  Use: Scroll            |     1 |     5 |    16 |     5 ||    27
       Potion            |       |       |     8 |     5 ||    13
 Stab: Sleeping          |     1 |     2 |     4 |     2 ||     9
       Distracted        |       |       |     1 |     1 ||     2
       Confused          |       |       |     1 |     4 ||     5
       Held in net/web   |       |       |       |     1 ||     1
  Eat: Chunk             |    13 |    11 |    36 |    44 ||   104
       Fruit             |       |       |       |     2 ||     2
